 Dungeon Crawl Stone Soup version 0.31.0-12-g77e489cdc1 (webtiles) character file.

Game seed: 10156592410507881503

5560 Ekaitz the Arsonist (level 10, -4/73 HPs)
             Began as a Demonspawn Fire Elementalist on Feb 19, 2024.
             Was an Initiate of Sif Muna.
             Killed by divine providence
             ... invoked by an orc priest
              (12 damage)
             ... on level 9 of the Dungeon.
             The game lasted 00:29:06 (11798 turns).

Ekaitz the Arsonist (Demonspawn Fire Elementalist) Turns: 11798, Time: 00:29:07

Health: -4/73      AC:  6    Str: 11    XL:     10   Next: 44%
Magic:  10/19      EV: 22    Int: 18    God:    Sif Muna [......]
Gold:   298        SH:  0    Dex: 13    Spells: 2/21 levels left

rFire   . . .        l - +3 morningstar
rCold   . . .        (no shield)
rNeg    . . .        a - +0 robe
rPois   .            n - +0 helmet
rElec   .            M - +0 cloak {rCorr}
rCorr   +            k - +0 pair of gloves
SInv    .            i - +0 pair of boots
Will    .....        (no amulet)
Stlth   ++           d - +5 ring of evasion
HPRegen 0.32/turn    e - +5 ring of evasion
MPRegen 0.16/turn

%: no passive effects
@: no status effects
A: demonic guardian 2, foul stench 1
a: Renounce Religion


You were on level 9 of the Dungeon.
You worshipped Sif Muna.
Sif Muna was noncommittal.
You visited 2 branches of the dungeon, and saw 10 of its levels.
You also visited: Sewer.

You collected 546 gold pieces.
You spent 248 gold pieces at shops.

Inventory:

Hand Weapons
 l - a +3 morningstar (weapon)
 r - a +2 dagger of electrocution
 I - a +1 dagger of venom
 J - a +1 battleaxe of electrocution
 N - a +2 whip of freezing
 O - a +4 trident of draining
Missiles
 t - 3 poisoned darts
 H - a throwing net
 K - 5 silver javelins
Armour
 a - a +0 robe (worn)
 i - a +0 pair of boots (worn)
 k - a +0 pair of gloves (worn)
 n - a +0 helmet (worn)
 M - a +0 cloak of preservation (worn)
 P - an orb of mayhem
Magical Staves
 o - a staff of cold
Jewellery
 d - a +5 ring of evasion (left hand)
 e - a +5 ring of evasion (right hand)
Talismans
 q - a maw talisman
Wands
 A - a wand of digging (1)
 B - a wand of charming (13)
 L - a wand of mindburst (11)
Scrolls
 c - 13 scrolls of identify
 f - 2 scrolls of fog {unknown}
 g - 6 scrolls of teleportation {unknown}
 m - a scroll of fear {unknown}
 p - 2 scrolls of blinking {unknown}
 s - 3 scrolls of enchant weapon {unknown}
 y - a scroll of enchant armour
 D - a scroll of poison {unknown}
 G - a scroll of revelation {unknown}
Potions
 b - 2 potions of magic
 h - 4 potions of curing {unknown}
 j - 3 potions of invisibility {unknown}
 u - 4 potions of heal wounds
 v - 2 potions of haste {unknown}
 w - 2 potions of mutation {unknown}
 x - a potion of resistance {unknown}
 z - a potion of lignification {unknown}
 C - a potion of degeneration {unknown}
 E - 2 potions of berserk rage {unknown}
 F - 2 potions of might {unknown}
 Q - 2 potions of attraction {unknown}


   Skills:
 * Level 4.8 Fighting
 + Level 2.5 Maces & Flails
 + Level 2.9 Dodging
 + Level 2.5 Stealth
 + Level 6.3 Spellcasting
 * Level 5.0 Conjurations
 + Level 3.7 Hexes
 + Level 4.9 Translocations
 * Level 8.0 Fire Magic
 * Level 5.2 Invocations


You had 2 spell levels left.
You knew the following spells:

 Your Spells              Type           Power      Damage    Failure   Level
a - Foxfire               Conj/Fire      100%       2x1d9     1%          1
b - Scorch                Fire           68%        2d7       1%          2
c - Volatile Blastmotes   Fire/Tloc      58%        2d14      2%          3
d - Flame Wave            Conj/Fire      29%        2d9       8%          4
e - Fireball              Conj/Fire      14%        3d8       22%         5
i - Inner Flame           Hex/Fire       26%        N/A       3%          3
p - Apportation           Tloc           46%        N/A       1%          1

Your spell library contained the following spells:

 Spells                   Type           Power      Damage    Failure   Level
 Shock                    Conj/Air       56%        1d6       4%          1
 Sting                    Conj/Alch      56%        1d6       4%          1
 Necrotise                Necr           20%        1d5       12%         1
 Summon Small Mammal      Summ           20%        N/A       12%         1
 Mercury Vapours          Alch/Air       10%        N/A       17%         2
 Mephitic Cloud           Conj/Alch/Air  11%        N/A       17%         3
 Summon Blazeheart Golem  Fire/Summ      20%        N/A       22%         4
 Cause Fear               Hex            9%         N/A       26%         4
 Call Canine Familiar     Summ           5%         N/A       34%         3
 Swiftness                Air            5%         N/A       34%         3
 Airstrike                Air            2%         2d(1-17)  75%         4
 Leda's Liquefaction      Alch/Erth      2%         N/A       75%         4
 Freezing Cloud           Conj/Ice/Air   5%         6-21      85%         5
 Lee's Rapid Deconstruct  Erth           2%         3d5*      97%         5
 Bombard                  Conj/Erth      7%         9d2       99%         6
 Haunt                    Necr/Summ      2%         N/A       100%        7
 Borgnjor's Revivificati  Necr           2%         N/A       100%        8
 Death's Door             Necr           2%         N/A       100%        9
 Dragon's Call            Summ           2%         N/A       100%        9


Dungeon Overview and Level Annotations

Branches:
Dungeon (9/15)             Temple (1/1) D:7           Sewer (visited)
   Lair: D:8-11         Orc: D:9-12

Altars:
Ashenzari
Cheibriados
Dithmenos
Fedhas
Gozag
Hepliaklqana
Kikubaaqudgha
Makhleb
Nemelex Xobeh
Okawaru
Qazlal
Ru
Sif Muna
Uskayaw
Vehumet
Wu Jian
Xom
Yredelemnul

Shops:
D:8 ***


Innate Abilities, Weirdness & Mutations

A demonic guardian rushes to your aid.
You may rarely emit foul miasma when damaged in melee.


Message History

The floor.
You are too injured to fight recklessly!
Casting: Inner Flame (dangerous; 3% risk of failure)
Confirm with . or Enter, or press ? or * to list all spells.
You conjure some foxfire!
You hear a shout!
An orc comes into view. It is wielding a +0 dagger.
Your foxfire dissipates! x2
Unknown command.
Your hellwing hits the unseen horror zombie! x2
The unseen horror zombie is engulfed in blazing flames.
The foxfire hits the orc!
You kill the orc!
Sif Muna accepts your kill.
The foxfire hits the orc priest.
The orc priest is lightly wounded.
The unseen horror zombie is engulfed in blazing flames. x2
The orc priest calls down the wrath of Beogh upon you.
Beogh smites you!
* * * LOW HITPOINT WARNING * * *
A demonic guardian appears!
The unseen horror zombie attacks as it pursues you!
The unseen horror zombie misses you. The unseen horror zombie hits you.
* * * LOW HITPOINT WARNING * * *
Your orange demon stings the unseen horror zombie!
Your orange demon barely misses the unseen horror zombie.
The unseen horror zombie attacks as it pursues you!
The unseen horror zombie hits you.
* * * LOW HITPOINT WARNING * * *
The unseen horror zombie completely misses you. x2
Your orange demon stings the unseen horror zombie from afar.
There is a stone staircase leading up, spattered with blood here.
Unknown command.
You puncture the unseen horror zombie!
You destroy the unseen horror zombie!
Sif Muna accepts your kill.
An orc wizard comes into view. It is wielding a +0 dagger.
The orc priest mumbles some strange prayers to Beogh against you.
Beogh smites you!
You die...

....4.).....)....
.....§☼§.......o.
.................
............o....
.....†.....o....#
###.....4.......
#...........###
##....)....###
........@####
........##
.##.....#
.....### ......
.....# .... ...


You could see an orc priest, an orc wizard (distracted), an orc and a friendly
orange demon (summoned).

Vanquished Creatures
  A two-headed ogre (D:8)
  Pikel (D:8)
  Maurice (D:8)
  An ugly thing (D:8)
  Jeremiah (D:8)
  An unseen horror zombie (D:9)
  Psyche (D:9)
  2 trolls (D:9)
  3 yaks (D:9)
  A steam dragon (D:8)
  A water moccasin (D:6)
  An ice beast (D:8)
  2 black bears (D:5)
  An ogre (D:4)
  A lemure (D:8)
  A gnoll sergeant (D:8)
  A bullfrog (D:7)
  A scorpion (D:4)
  7 wights
  A howler monkey (D:5)
  A bombardier beetle (D:5)
  2 gnoll boudas (D:5)
  3 jellies
  3 orc priests
  7 iguanas
  4 orc wizards
  7 gnolls (D:5)
  8 adders
  8 river rats (D:5)
  2 shadow imps (D:8)
  2 white imps
  3 dart slugs
  A ribbon worm (D:2)
  28 orcs
  9 ball pythons
  17 endoplasms
  13 giant cockroaches
  8 goblins
  6 hobgoblins
  16 jackals
  12 kobolds
  8 quokkas
  5 bats (D:1)
  10 frilled lizards
  26 rats
239 creatures vanquished.

Vanquished Creatures (collateral kills)
  A yak (D:9)
  An orc priest (D:9)
  A gnoll (D:5)
3 creatures vanquished.

Vanquished Creatures (others)
  A wight (D:9)
  784 foxfires
785 creatures vanquished.

Grand Total: 1027 creatures vanquished

Notes
Turn   | Place    | Note
-------+----------+-------------------------------------------
     0 | D:1      | Ekaitz the Demonspawn Fire Elementalist began the quest for
                  | the Orb.
     0 | D:1      | Reached XP level 1. HP: 13/13 MP: 3/3
   209 | D:1      | Gained mutation: You may rarely emit foul miasma when
                  | damaged in melee. [demonic ancestry]
   209 | D:1      | Reached XP level 2. HP: 20/20 MP: 0/5
   212 | D:1      | Learned a level 2 spell: Scorch
   328 | D:1      | Reached skill level 3 in Fire Magic
   761 | D:1      | Reached XP level 3. HP: 25/25 MP: 2/6
   765 | D:1      | Learned a level 3 spell: Inner Flame
  1548 | D:2      | Reached skill level 1 in Fighting
  1784 | D:2      | Reached XP level 4. HP: 32/32 MP: 4/7
  3188 | D:3      | Reached XP level 5. HP: 34/37 MP: 1/9
  3192 | D:3      | Learned a level 3 spell: Volatile Blastmotes
  3573 | D:4      | Found a sacrificial altar of Ru.
  3576 | D:4      | Found a blossoming altar of Fedhas.
  3608 | D:4      | Found a glowing drain.
  3632 | Sewer    | Entered a sewer
  4007 | Sewer    | Reached skill level 1 in Hexes
  4067 | Sewer    | Reached skill level 4 in Fire Magic
  4100 | Sewer    | Found a viscous altar of Jiyva.
  4254 | D:4      | Gained mutation: A weak demonic guardian rushes to your
                  | aid. [demonic ancestry]
  4254 | D:4      | Reached XP level 6. HP: 44/44 MP: 1/10
  4404 | D:4      | Reached skill level 1 in Translocations
  5289 | D:5      | Entered Level 5 of the Dungeon
  5338 | D:5      | Reached XP level 7. HP: 51/51 MP: 6/12
  5698 | D:5      | Found an iron altar of Okawaru.
  5810 | D:5      | Learned a level 4 spell: Flame Wave
  6181 | D:5      | Reached skill level 1 in Maces & Flails
  6607 | D:5      | Reached skill level 5 in Fire Magic
  7329 | D:5      | Reached XP level 8. HP: 57/57 MP: 6/14
  7382 | D:5      | Found an ornate altar of the Wu Jian Council.
  7879 | D:6      | Learned a level 1 spell: Apportation
  7935 | D:6      | Found an opulent altar of Gozag.
  8228 | D:7      | Noticed a troll
  8329 | D:7      | Found a staircase to the Ecumenical Temple.
  8337 | Temple   | Entered the Ecumenical Temple
  8345 | Temple   | Became a worshipper of Sif Muna the Loreminder
  9566 | D:8      | Found Nitie's Assorted Antiques.
  9759 | D:8      | Noticed Pikel
  9874 | D:8      | Noticed a two-headed ogre
  9875 | D:8      | Noticed Maurice
  9995 | D:8      | Noticed a green ugly thing
 10007 | D:8      | Killed a two-headed ogre
 10008 | D:8      | Reached skill level 5 in Spellcasting
 10008 | D:8      | Reached skill level 6 in Fire Magic
 10008 | D:8      | Reached XP level 9. HP: 65/65 MP: 8/16
 10084 | D:8      | Noticed Jeremiah
 10526 | D:8      | Killed Maurice
 10743 | D:8      | Killed Pikel
 10744 | D:8      | Reached skill level 7 in Fire Magic
 10815 | D:8      | Killed a green ugly thing
 10893 | D:8      | Killed Jeremiah
 10894 | D:8      | Gained mutation: A demonic guardian rushes to your aid.
                  | [demonic ancestry]
 10894 | D:8      | Reached XP level 10. HP: 62/73 MP: 0/18
 11073 | D:8      | Learned a level 5 spell: Fireball
 11105 | D:8      | Found a sparkling altar of Nemelex Xobeh.
 11221 | D:8      | Found Nomilo Veigh's Specific Store.
 11225 | D:8      | Found Eneixim's General Store.
 11228 | D:8      | Bought a potion of heal wounds for 65 gold pieces
 11343 | D:8      | Bought a scroll labelled ORAABE APOZ for 27 gold pieces
 11343 | D:8      | Bought 3 scrolls labelled GASMIO FIMUWE for 81 gold pieces
 11343 | D:8      | Bought a scroll labelled GASMIO FIMUWE for 27 gold pieces
 11343 | D:8      | Bought a lumpy inky potion for 24 gold pieces
 11343 | D:8      | Bought a lumpy inky potion for 24 gold pieces
 11458 | D:9      | Noticed Psyche
 11466 | D:9      | Killed Psyche
 11771 | D:9      | Reached skill level 5 in Invocations
 11789 | D:9      | Reached skill level 8 in Fire Magic
 11792 | D:9      | Reached skill level 5 in Conjurations
 11798 | D:9      | Killed from afar by an orc priest

Illustrated notes

Levels and vault maps discovered:
D:1:      dpeg_arrival_arbitrary_c, layout_basic
D:2:      layout_basic, corexii_item_surrounded_by_moat,
          kennysheep_decorative_pillar
D:3:      layout_basic
D:4:      layout_loops_ring, nicolae_overflow_hidden_temple,
          portal_sewer_entry_b, hangedman_decor_lopped
D:5:      lemuel_ratsnest, layout_layer_cave, lemuel_doored_altar,
          okawaru_trees_1
D:6:      layout_gridville, grunt_gozag_statues, kennysheep_generic_room_3
D:7:      layout_basic, minmay_temple_entry_statues_pillars,
          lightli_corner_chamber
D:8:      layout_cave_pools, nemelex_spade_bored_becter, nicolae_specific_store,
          nicolae_inconvenience_store, minmay_checkerbox, uniq_pikel,
          uniq_jeremiah, uniq_maurice
D:9:      layout_cave_pools, trog_three_pillars_becter, david_orc_3,
          serial_undead, serial_undead_a, serial_undead_c, serial_undead_c,
          serial_undead_d, uniq_psyche
Temple:   eino_temple_lava

Skill      XL: |  1  2  3  4  5  6  7  8  9 10 |
---------------+-------------------------------+-----
Dodging        | 2 |  2.9
Fire Magic     | 3 4 5 6 7 8 |  8.0
Fighting       | 1 2 3 4 |  4.8
Conjurations   | 2 3 4 5 |  5.0
Stealth        | 2 |  2.5
Spellcasting   | 3 4 5 6 |  6.3
Hexes          | 1 2 3 |  3.7
Translocations | 1 2 4 |  4.9
Maces & Flails | 1 2 |  2.5
Invocations    | 3 4 5 |  5.2

Action                     |  1- 3 |  4- 6 |  7- 9 | 10-12 || total
---------------------------+-------+-------+-------+-------++-------
  Melee: Unarmed           |     1 |       |       |       ||     1
         Flail             |       |    59 |   149 |       ||   208
         Punch             |       |       |     3 |       ||     3
         Morningstar       |       |       |    10 |    17 ||    27
   Cast: Foxfire           |    84 |   146 |   165 |    44 ||   439
         Scorch            |     3 |    18 |    54 |     8 ||    83
         Inner Flame       |       |       |     9 |     2 ||    11
         Flame Wave        |       |       |     2 |       ||     2
         Volatile Blastmot |       |       |     4 |       ||     4
         Apportation       |       |       |     2 |       ||     2
  Evoke: Wand              |       |       |     1 |       ||     1
    Use: Scroll            |       |       |       |     1 ||     1
   Stab: Sleeping          |       |     6 |     3 |       ||     9
 Armour: Robe              |    30 |    23 |   103 |    11 ||   167
  Dodge: Dodged            |   156 |    96 |   338 |    37 ||   627
